 Dungeon Crawl Stone Soup version 0.19-a0-1834-g6b7851e (webtiles) character file.

91409 Pr0man the Destroyer (level 15, -15/132 HPs)
             Began as a White Draconian Conjurer on Oct 8, 2016.
             Was a High Priest of Vehumet.
             Demolished by Donald
             ... wielding a +0 broad axe
              (42 damage)
             ... on level 1 of the Swamp.
             The game lasted 01:47:51 (38153 turns).

Pr0man the Destroyer (White Draconian Conjurer)    Turns: 38153, Time: 01:47:52

Health: -15/132    AC: 15    Str: 11    XL:     15   Next: 54%
Magic:  14/29      EV: 17    Int: 21    God:    Vehumet [*****.]
Gold:   1552       SH:  8    Dex: 12    Spells: 8 memorised, 8 levels left

rFire  . . .     SeeInvis +     d - staff of cold
rCold  + + +     Gourm    .     (armour unavailable)
rNeg   + . .     Faith    .     Q - +3 buckler
rPois  +         Spirit   .     x - +2 hat
rElec  .         Dismiss  .     f - +0 cloak
rCorr  .         Reflect  .     H - +2 pair of gloves "Nauptirph" {rN+}
MR     +....     Harm     .     (no boots)
Stlth  ++........               (no amulet)
                                R - ring of see invisible
                                b - ring of protection from cold

@: no status effects
A: breathe frost, unfitting armour, cold resistance 1, poison resistance,
cold-blooded, AC +9
a: Breathe Frost, Renounce Religion


You were on level 1 of the Swamp.
You worshipped Vehumet.
Vehumet was extremely pleased with you.
You were not hungry.

You visited 5 branches of the dungeon, and saw 25 of its levels.
You also visited: Labyrinth.

You collected 2433 gold pieces.
You spent 881 gold pieces at shops.

Inventory:

Hand Weapons
 e - a +3 scimitar of draining
   (You took it off Erica on level 8 of the Dungeon)
Missiles
 K - 51 poisoned needles
 Y - 3 throwing nets (quivered)
Armour
 f - a +0 cloak (worn)
 p - a +0 pair of gloves
 x - a +2 hat (worn)
 H - the +2 pair of gloves "Nauptirph" (worn) {rN+}
   (You found it on level 15 of the Dungeon)

   It protects you from negative energy.
 Q - a +3 buckler (worn)
Magical Staves
 d - an uncursed staff of cold (weapon)
Rods
 M - a +3 rod of ignition (9/9) {!a}
   (You took it off a minotaur in a labyrinth)
 V - a +3 rod of ignition (9/9)
   (You found it in a labyrinth)
Jewellery
 b - a ring of protection from cold (left hand)
 R - a ring of see invisible (right hand)
Wands
 t - a wand of hasting (7/9) {!d}
 w - a wand of lightning (1/15)
 y - a wand of digging (16/24)
 F - a wand of teleportation (6/9) {!d}
 G - a wand of teleportation (4/9) {!d}
 I - a wand of heal wounds (3/9) {!d}
 P - a wand of disintegration (9/24)
Scrolls
 k - 4 scrolls of amnesia
 n - 7 scrolls of remove curse
 q - 6 scrolls of fog
 r - 3 scrolls of magic mapping {!r}
 E - 2 scrolls of recharging
 J - a scroll of teleportation {!r}
Potions
 a - 3 potions of invisibility {unknown}
 c - 3 potions of agility {!q}
 g - 5 potions of curing
 i - 3 potions of heal wounds {!q}
 j - 4 potions of lignification {!q}
 l - a potion of resistance {!q}
 o - 2 potions of cancellation {!q}
 s - 3 potions of flight
 u - 4 potions of might {!q}
 B - 2 potions of berserk rage
 C - a potion of cure mutation {!q}
 D - 4 potions of haste {!q}
 L - 4 potions of brilliance {!q}
 N - 2 potions of mutation {!q}
Books
 m - a book of Necromancy
 v - a book of Minor Magic
 S - a book of Misfortune
 U - a book of Ice
 Z - a book of Death
Miscellaneous
 W - a sack of spiders
Comestibles
 h - a meat ration {!e}
 A - 6 bread rations {!e}


   Skills:
 + Level 11.7 Fighting
 - Level 10.0 Dodging
 - Level 1.7 Stealth
 - Level 5.9 Shields
 + Level 10.3 Spellcasting
 - Level 13.4 Conjurations
 - Level 8.4 Charms
   Level 5.0 Summonings
 - Level 11.7 Ice Magic
 - Level 6.9 Air Magic


You had 8 spell levels left.
You knew the following spells:

 Your Spells              Type           Power        Failure   Level  Hunger
a - Magic Dart            Conj           ####         1%          1    None
b - Searing Ray           Conj           ######       1%          2    None
c - Iskenderun's Mystic   Conj           ######..     1%          4    ##.....
d - Iskenderun's Battles  Conj/Chrm      ######..     1%          5    ####...
e - Throw Frost           Conj/Ice       ######       1%          2    None
f - Freezing Cloud        Conj/Ice/Air   ######....   4%          6    ######.
o - Ozocubu's Armour      Chrm/Ice       ######..     1%          3    None
R - Regeneration          Chrm/Necr      ####......   3%          3    None


Dungeon Overview and Level Annotations

Branches:
Dungeon (15/15)            Temple (1/1) D:4            Lair (6/6) D:8
  Swamp (1/4) Lair:4        Snake (0/4) Lair:2        Slime (0/5) Lair:5
    Orc (2/2) D:11         Vaults (0/5) D:14         Depths (0/5) D:15
    Elf: Orc:2

Altars:
Ashenzari
Cheibriados
Dithmenos
Elyvilon
Fedhas
Gozag
Hepliaklqana
Kikubaaqudgha
Makhleb
Nemelex Xobeh
Okawaru
Qazlal
Ru
Sif Muna
Trog
Uskayaw
Vehumet
Xom
Yredelemnul
Zin
The Shining One

Shops:
D:12 *}

Annotations:
D:10 Maurice
Swamp:1 Donald


Innate Abilities, Weirdness & Mutations

You can breathe waves of freezing cold.
You can buffet flying creatures when you breathe cold.
Your icy white scales are hard. (AC +9)
You cannot fit into any form of body armour.
Your flesh is cold resistant. (rC+)
You are cold-blooded and may be slowed by cold attacks.
Your system is resistant to poisons. (rPois)


Message History

Unknown command.
Casting: Magic Dart
Confirm with . or Enter, or press ? or * to list all spells.
Aiming: Magic Dart
Press: ? - help, Shift-Dir - straight line, f/p - vampire mosquito
Aim: a vampire mosquito (water, severely damaged)
The magic dart hits the vampire mosquito.
The vampire mosquito is almost destroyed.
The vampire mosquito bites you but does no damage.
The vampire mosquito completely misses you.
The vampire mosquito barely misses you. Donald hits you with a broad axe!!
The vampire mosquito bites you!
The vampire mosquito draws strength from your injuries!
Damage: 34 (max 34)
Casting: Magic Dart
Confirm with . or Enter, or press ? or * to list all spells.
Aiming: Magic Dart
Press: ? - help, Shift-Dir - straight line, f/p - vampire mosquito
Aim: a vampire mosquito (water, almost destroyed)
The magic dart hits the vampire mosquito.
You destroy the vampire mosquito!
Vehumet accepts your kill.
You feel your power returning.
You block the vampire mosquito's attack.
Donald hits you with a broad axe!!
* * * LOW HITPOINT WARNING * * *
Damage: 30 (max 34)
Casting: Magic Dart
Confirm with . or Enter, or press ? or * to list all spells.
Aiming: Magic Dart
Press: ? - help, Shift-Dir - straight line, f - Donald
Aim: Donald, wielding a broad axe, wearing a shiny chain mail and wearing a glowing shield (lightly wounded, fast, unusually strong)
The magic dart hits Donald.
Donald is lightly wounded.
The vampire mosquito bites you but does no damage.
Donald hits you with a broad axe!!
* * * LOW HITPOINT WARNING * * *
The vampire mosquito completely misses you.
Damage: 26 (max 34) Donald hits you with a broad axe.
* * * LOW HITPOINT WARNING * * *
The vampire mosquito bites you.
* * * LOW HITPOINT WARNING * * *
The vampire mosquito draws strength from your injuries!
There is a staircase back to the Lair here.
You see here a vampire mosquito corpse.
Damage: 10 (max 34)
The vampire mosquito closely misses you.
Donald hits you with a broad axe!!!
You die...

.≈....≈ ..♣♣
....≈.≈.♣ ..P♣
♣...≈.≈..♣...
.≈≈.≈.≈.♣.♣. .
.≈...≈)≈...♣♣♣♣ ..
.≈..≈...≈.♣.♣.♣.♣.
....≈≈≈≈.≈...≈...≈
.≈..≈≈...y≈≈≈.≈≈≈.
≈≈..♣♣..@@.≈§..≈.
≈ ♣.≈≈≈†≈≈≈≈...
♣≈.≈≈..≈≈≈≈..≈
♣≈.≈§.≈≈♣....≈≈
♣...§≈§♣≈.(...≈≈
♣..≈≈§§§.....≈.≈≈
♣≈.≈≈≈§≈§...♣.≈...
♣♣..≈≈≈≈≈........≈


You could see Donald and a vampire mosquito.

Vanquished Creatures
  Rupert (Lair:4)
  Gastronok (Lair:3)
  An orc warlord (Orc:1)
  Snorg (Orc:1)
  A minotaur (Lab)
  Josephine (D:10)
  Harold (Lair:4)
  8 hydras
  A catoblepas (Lair:2)
  2 death knights
  4 centaur warriors
  Erica (D:8)
  An ogre mage (D:15)
  An alligator (Swamp:1)
  Urug (Lair:4)
  An orc high priest (Orc:2)
  A skeletal warrior (D:11)
  A swamp dragon (Lair:4)
  3 unseen horrors
  A wizard (D:14)
  Pikel (D:7)
  5 hill giants
  A wolf spider zombie (D:15)
  The ghost of poirepourri the Ruffian, a novice DrTm of Ashenzari (D:7)
  2 orc knights
  A wolf spider (D:15)
  2 deep elf magi (D:15)
  2 manticores
  2 orc sorcerers
  An ugly thing (D:12)
  6 cyclopes
  An eye of devastation (Lair:5)
  12 elephants
  An ice statue (D:12)
  Joseph (D:8)
  A naga mage (D:15)
  A torpor snail (Lair:5)
  6 black mambas
  5 rime drakes
  18 spiny frogs
  A gargoyle (D:15)
  A kobold demonologist (D:10)
  6 yaktaurs (D:15)
  A komodo dragon (shapeshifter) (D:14)
  7 komodo dragons
  2 efreet
  6 tyrant leeches
  2 polar bears (Lair:6)
  9 slime creatures (D:13)
  11 trolls
  Prince Ribbit (D:7)
  A meliai zombie (D:13)
  2 dream sheep (Lair:5)
  11 hippogriffs
  41 yaks
  7 wraiths
  A basilisk (shapeshifter) (D:14)
  A wyvern (Lair:3)
  2 shadows
  A basilisk (Lair:4)
  6 hungry ghosts
  15 vampire mosquitoes
  7 wargs
  A mottled dragon (D:15)
  A naga (Lair:2)
  A soldier ant (D:12)
  8 water moccasins
  11 porcupines
  A hornet zombie (D:9)
  A swamp drake (Lair:4)
  7 necrophages
  21 orc warriors
  3 black bears
  3 sky beasts
  3 slaves (D:7)
  A phantom (D:12)
  2 ice beasts (D:7)
  21 ogres
  5 wolves (Lair:2)
  An eye of draining (Lair:5)
  27 centaurs
  14 crocodiles
  3 big kobolds
  26 bullfrogs
  9 scorpions
  15 killer bees
  8 wights
  The ghost of p0werm0de the Chopper, a weakling FoWr (D:3)
  4 electric eels
  6 howler monkeys
  A bullfrog zombie (D:12)
  6 centaur zombies
  8 crimson imps
  11 orc priests
  5 centaur skeletons
  9 hounds
  2 jellies
  A bullfrog skeleton (D:12)
  8 orc wizards
  2 hell rats (D:8)
  5 iguanas
  14 worker ants
  A hound skeleton (D:11)
  A worker ant zombie (D:7)
  14 gnolls
  14 adders
  4 shadow imps
  An ooze (D:1)
  2 adder zombies
  2 adder skeletons
  3 worms
  4 dart slugs
  9 leopard geckos
  63 orcs
  12 bats
  7 giant cockroaches
  12 goblins
  10 hobgoblins
  19 jackals
  7 quokkas
  6 frilled lizards
  23 kobolds
  A quokka skeleton (D:4)
  A quokka zombie (D:8)
  14 rats
751 creatures vanquished.

Vanquished Creatures (others)
  An orc (D:7)
  A bush (Lair:5)
  23 fungi
  29 plants
54 creatures vanquished.

Grand Total: 805 creatures vanquished

Notes
Turn   | Place    | Note
-------+----------+-------------------------------------------
     0 | D:1      | Pr0man the Draconian Conjurer began the quest for the Orb.
     0 | D:1      | Reached XP level 1. HP: 14/14 MP: 3/3
   307 | D:1      | Reached XP level 2. HP: 20/20 MP: 0/5
   360 | D:1      | Learned a level 2 spell: Searing Ray
   811 | D:1      | Reached skill level 5 in Conjurations
   848 | D:1      | Reached XP level 3. HP: 26/26 MP: 1/6
  1401 | D:2      | Found a stormy altar of Qazlal.
  1434 | D:2      | Reached XP level 4. HP: 33/33 MP: 1/7
  2111 | D:2      | Reached skill level 6 in Conjurations
  2181 | D:2      | Learned a level 4 spell: Iskenderun's Mystic Blast
  2339 | D:3      | Noticed p0werm0de's ghost (weakling FoWr)
  2541 | D:3      | Killed p0werm0de's ghost
  2541 | D:3      | Reached XP level 5. HP: 35/38 MP: 1/8
  2792 | D:3      | Noticed an ogre
  2800 | D:3      | Killed an ogre
  3078 | D:3      | Reached XP level 6. HP: 29/45 MP: 0/10
  3178 | D:3      | Reached skill level 7 in Conjurations
  3345 | D:3      | HP: 7/45 [gnoll/whip of electrocution (10)]
  3524 | D:3      | Noticed a dagger
  3525 | D:3      | Found a hide-covered altar of Uskayaw.
  3525 | D:3      | Noticed a hand axe
  3573 | D:3      | Reached skill level 3 in Spellcasting
  3617 | D:3      | Noticed a hungry ghost
  3654 | D:3      | Killed a hungry ghost
  4182 | D:4      | Your scales start taking on an icy white colour.
  4182 | D:4      | Reached XP level 7. HP: 50/50 MP: 7/12
  4182 | D:4      | Gained mutation: Your flesh is cold resistant. (rC+) [White Draconian growth]
  4237 | D:4      | Reached skill level 8 in Conjurations
  4355 | D:4      | Reached skill level 4 in Spellcasting
  4386 | D:3      | Learned a level 5 spell: Iskenderun's Battlesphere
  4398 | D:4      | Reached skill level 1 in Charms
  4851 | D:4      | Found a staircase to the Ecumenical Temple.
  4862 | Temple   | Entered the Ecumenical Temple
  4940 | D:4      | Reached skill level 2 in Charms
  5005 | D:4      | Reached XP level 8. HP: 43/57 MP: 7/14
  5218 | D:5      | Entered Level 5 of the Dungeon
  5299 | D:5      | Reached skill level 3 in Charms
  5436 | D:5      | Reached skill level 5 in Spellcasting
  5558 | D:5      | Reached skill level 4 in Charms
  5896 | D:5      | Reached skill level 5 in Charms
  6612 | D:6      | Found Pemuegh's Food Shoppe.
  7188 | D:7      | Noticed poirepourri's ghost (novice DrTm)
  7204 | D:7      | Killed poirepourri's ghost
  7204 | D:7      | Reached skill level 6 in Spellcasting
  7204 | D:7      | Reached skill level 6 in Charms
  7204 | D:7      | Reached XP level 9. HP: 33/62 MP: 1/18
  7429 | D:7      | Reached skill level 7 in Charms
  7543 | D:7      | You fall through a shaft!
  7622 | D:8      | Found a glowing golden altar of the Shining One.
  7934 | D:7      | Found a radiant altar of Vehumet.
  7968 | D:7      | Became a worshipper of Vehumet
  8054 | D:7      | Noticed Prince Ribbit
  8060 | D:7      | Killed Prince Ribbit
  8156 | D:7      | Noticed Pikel
  8178 | D:7      | HP: 13/62 [Pikel/whip of electrocution (15)]
  8794 | D:7      | Killed Pikel
  8794 | D:7      | Reached skill level 7 in Spellcasting
  8794 | D:7      | Reached skill level 8 in Charms
  9100 | D:8      | Reached skill level 2 in Dodging
  9102 | D:8      | Reached skill level 1 in Fighting
  9151 | D:8      | Reached skill level 2 in Fighting
  9151 | D:8      | Reached XP level 10. HP: 59/73 MP: 3/20
  9257 | D:8      | Noticed Erica
  9261 | D:8      | Killed Erica
  9261 | D:8      | Reached skill level 3 in Fighting
  9261 | D:8      | Reached skill level 3 in Dodging
  9393 | D:8      | Found a staircase to the Lair.
  9446 | D:8      | Noticed Joseph
  9461 | D:8      | Killed Joseph
  9461 | D:8      | Reached skill level 4 in Fighting
  9461 | D:8      | Reached skill level 4 in Dodging
  9879 | D:8      | Reached * piety under Vehumet
  9879 | D:8      | Offered knowledge of Shock by Vehumet.
 10163 | Lair:1   | Entered Level 1 of the Lair of Beasts
 10215 | D:9      | Reached skill level 5 in Fighting
 10236 | D:9      | Found a burning altar of Makhleb.
 10544 | D:9      | Reached skill level 5 in Dodging
 10889 | D:9      | Found a deep blue altar of Sif Muna.
 10912 | D:9      | Found a blossoming altar of Fedhas.
 10926 | D:9      | Found a bloodstained altar of Trog.
 11012 | D:10     | Entered Level 10 of the Dungeon
 11054 | D:10     | Reached skill level 6 in Fighting
 11430 | D:10     | Reached skill level 7 in Fighting
 11430 | D:10     | Reached skill level 6 in Dodging
 11750 | D:10     | Reached XP level 11. HP: 92/92 MP: 11/21
 12414 | D:10     | Offered knowledge of Throw Flame by Vehumet.
 12416 | D:10     | Reached ** piety under Vehumet
 12416 | D:10     | Reached skill level 8 in Fighting
 12508 | D:8      | Reached skill level 7 in Dodging
 13911 | Lair:2   | Noticed a four-headed hydra
 13912 | Lair:2   | Noticed a six-headed hydra
 14328 | Lair:2   | Reached skill level 1 in Shields
 14406 | Lair:2   | Reached skill level 2 in Shields
 14419 | Lair:2   | Noticed a catoblepas
 14451 | Lair:2   | Killed a catoblepas
 14451 | Lair:2   | Reached skill level 3 in Shields
 14614 | Lair:2   | Reached skill level 4 in Shields
 14705 | Lair:2   | Found a staircase to the Snake Pit.
 14795 | Lair:2   | Reached skill level 5 in Shields
 14890 | Lair:2   | Killed a six-headed hydra
 15295 | Lair:3   | Reached skill level 8 in Dodging
 15640 | Lair:3   | Noticed Gastronok
 15985 | Lair:3   | HP: 28/95 [Gastronok/the air (6)]
 16133 | Lair:3   | Reached skill level 9 in Conjurations
 16133 | Lair:3   | Reached XP level 12. HP: 71/103 MP: 4/23
 16287 | Lair:3   | Learned a level 2 spell: Throw Frost
 16367 | Lair:3   | Reached skill level 1 in Ice Magic
 16467 | Lair:3   | Offered knowledge of Conjure Flame by Vehumet.
 16467 | Lair:3   | Reached skill level 2 in Ice Magic
 16570 | Lair:3   | Reached skill level 3 in Ice Magic
 16752 | Lair:3   | Reached skill level 4 in Ice Magic
 16760 | Lair:3   | Learned a level 3 spell: Ozocubu's Armour
 17005 | Lair:2   | Killed a four-headed hydra
 17241 | Lair:4   | Reached skill level 5 in Ice Magic
 17242 | Lair:4   | Found a staircase to the Swamp.
 17246 | Lair:4   | Noticed Harold
 17285 | Lair:4   | Noticed Rupert
 17343 | Lair:3   | Learned a level 4 spell: Summon Ice Beast
 17385 | Lair:4   | Reached skill level 1 in Summonings
 17392 | Lair:4   | Reached skill level 9 in Dodging
 17405 | Lair:4   | Killed Harold
 17405 | Lair:4   | Reached skill level 2 in Summonings
 17587 | Lair:3   | Reached skill level 3 in Summonings
 18125 | Lair:4   | Reached skill level 4 in Summonings
 18701 | Lair:4   | Noticed Urug
 18833 | Lair:4   | Killed Urug
 19442 | Lair:5   | Reached skill level 5 in Summonings
 19623 | Lair:5   | Reached skill level 10 in Dodging
 19848 | Lair:5   | Found a staircase to the Slime Pits.
 19921 | Lair:5   | Reached *** piety under Vehumet
 20226 | Lair:5   | Reached skill level 6 in Ice Magic
 20248 | Lair:5   | HP: 28/103 [yak (8)]
 20494 | Lair:5   | Noticed a death yak
 20494 | Lair:5   | Noticed a death yak
 20494 | Lair:5   | Noticed a death yak
 20501 | Lair:5   | Noticed a death yak
 20538 | Lair:3   | Offered knowledge of Force Lance by Vehumet.
 20708 | D:10     | Noticed Josephine
 20715 | D:10     | HP: 19/103 [Josephine/ghostly fireball (40)]
 21147 | D:10     | Killed Josephine
 21344 | D:10     | Reached XP level 13. HP: 108/108 MP: 14/24
 21425 | D:10     | Noticed Maurice
 21771 | D:10     | Reached skill level 7 in Ice Magic
 21831 | D:11     | Found a labyrinth entrance.
 21831 | D:11     | Found a sparkling altar of Nemelex Xobeh.
 21836 | Lab      | Entered a labyrinth
 22068 | Lab      | Noticed a minotaur
 22074 | Lab      | Killed a minotaur
 22074 | Lab      | Reached skill level 10 in Conjurations
 22197 | D:11     | Reached **** piety under Vehumet
 22222 | D:11     | Offered knowledge of Venom Bolt by Vehumet.
 22492 | D:11     | Found a staircase to the Orcish Mines.
 22501 | D:11     | HP: 26/108 [cyclops/large rock (24)]
 22694 | D:11     | Reached skill level 8 in Ice Magic
 23032 | D:11     | Learned a level 3 spell: Regeneration
 23495 | D:12     | Found Siusch's General Store.
 23506 | D:12     | Bought 2 scrolls of identify for 52 gold pieces
 23708 | D:11     | Reached skill level 9 in Ice Magic
 23708 | D:11     | HP: 22/108 [skeletal warrior/dire flail[a death knight] (17)]
 24129 | D:12     | Reached skill level 11 in Conjurations
 24352 | D:12     | Reached ***** piety under Vehumet
 24352 | D:12     | Offered knowledge of Lightning Bolt by Vehumet.
 24591 | Orc:1    | Entered Level 1 of the Orcish Mines
 24710 | Orc:1    | Noticed Snorg
 24733 | Orc:1    | HP: 32/108 [Snorg (9)]
 24737 | Orc:1    | Killed Snorg
 25216 | Orc:1    | Reached skill level 10 in Ice Magic
 25276 | Orc:1    | Noticed an orc warlord
 25737 | Orc:1    | HP: 29/108 [orc warrior/scimitar (21)]
 26273 | Orc:1    | Killed an orc warlord
 26785 | Orc:2    | Entered Level 2 of the Orcish Mines
 26854 | Orc:2    | Noticed an orc warlord
 27022 | Orc:1    | Learned a level 6 spell: Freezing Cloud
 27494 | Orc:1    | Reached skill level 12 in Conjurations
 27601 | Orc:1    | HP: 31/108 [orc warlord/long sword of holy wrath (26)]
 27668 | Orc:1    | HP: 17/108 [orc warrior/halberd (23)]
 28104 | D:11     | Reached skill level 1 in Air Magic
 28285 | Lair:3   | Reached skill level 2 in Air Magic
 28377 | Lair:3   | Killed Gastronok
 28377 | Lair:3   | Reached skill level 3 in Air Magic
 28377 | Lair:3   | Reached XP level 14. HP: 116/116 MP: 3/25
 29166 | Lair:6   | Entered Level 6 of the Lair of Beasts
 29173 | Lair:6   | Reached skill level 4 in Air Magic
 29175 | Lair:6   | HP: 33/116 [black mamba (16)]
 29183 | Lair:6   | HP: 34/116 [poisoned by a black mamba]
 29188 | Lair:6   | HP: 31/116 [poisoned by a black mamba]
 29193 | Lair:6   | HP: 29/116 [poisoned by a black mamba]
 29200 | Lair:6   | HP: 28/116 [poisoned by a black mamba]
 29207 | Lair:6   | HP: 28/116 [poisoned by a black mamba]
 29215 | Lair:6   | HP: 29/116 [poisoned by a black mamba]
 29666 | Lair:6   | Reached skill level 5 in Air Magic
 30035 | Lair:6   | Offered knowledge of Airstrike by Vehumet.
 30060 | Lair:6   | Reached skill level 13 in Conjurations
 30500 | Lair:6   | Reached skill level 6 in Air Magic
 31581 | D:11     | Reached skill level 11 in Ice Magic
 32119 | D:12     | Found Guyr's Gadget Emporium.
 32126 | D:12     | Bought a wand of teleportation (4/9) for 336 gold pieces
 32363 | D:6      | Bought a beef jerky for 19 gold pieces
 32363 | D:6      | Bought a bread ration for 65 gold pieces
 32363 | D:6      | Bought a bread ration for 65 gold pieces
 32363 | D:6      | Bought 3 fruits for 58 gold pieces
 32363 | D:6      | Bought a royal jelly for 26 gold pieces
 32363 | D:6      | Bought a bread ration for 65 gold pieces
 32363 | D:6      | Bought a bread ration for 65 gold pieces
 32363 | D:6      | Bought a meat ration for 65 gold pieces
 32363 | D:6      | Bought a bread ration for 65 gold pieces
 32844 | Lair:1   | Gained mutation: Your system is resistant to poisons. (rPois) [potion of beneficial mutation]
 33313 | D:13     | Found an ancient bone altar of Kikubaaqudgha.
 33334 | D:13     | Reached skill level 8 in Spellcasting
 33443 | D:13     | Reached skill level 9 in Fighting
 34593 | D:13     | Reached XP level 15. HP: 126/126 MP: 19/27
 34984 | D:14     | Reached skill level 10 in Fighting
 34984 | D:14     | Reached skill level 9 in Spellcasting
 35268 | D:14     | Found a gate to the Vaults.
 35689 | D:14     | Offered knowledge of Conjure Ball Lightning by Vehumet.
 35933 | D:15     | Entered Level 15 of the Dungeon
 36401 | D:15     | Found a staircase to the Depths.
 36473 | D:15     | Got a pair of bloodstained gloves
 36484 | D:15     | Identified the +2 pair of gloves "Nauptirph" {rN+} (You found it on level 15 of the Dungeon)
 36979 | D:15     | Reached skill level 11 in Fighting
 37253 | D:13     | Reached skill level 10 in Spellcasting
 37487 | Lair:4   | Paralysed by Rupert for 7 turns
 37497 | Lair:4   | Paralysed by Rupert for 6 turns
 37505 | Lair:4   | Killed Rupert
 37626 | Swamp:1  | Entered Level 1 of the Swamp
 38141 | Swamp:1  | Noticed Donald
 38151 | Swamp:1  | HP: 37/132 [Donald/broad axe (27)]
 38153 | Swamp:1  | Demolished by Donald

Vault maps used:
D:1:      mrwooster_arrival_arrow
D:2:      nicolae_qazlal_eye_of_the_storm
D:3:      wad_river_or_something, dancing_weapons_uskayaw, minivault_11
D:5:      first_bread
D:6:      serial_shops, nicolae_shop_trees, nicolae_underground_beach
D:7:      vehumet_crystals, uniq_pikel, uniq_prince_ribbit1
D:8:      dpeg_lair_monsters, basic_altar, uniq_erica, uniq_joseph
D:9:      nicolae_overflow_quartered_altars
D:10:     uniq_josephine, uniq_maurice
D:11:     minmay_orc_entry_guard_dogs, lab_entry_generic, basic_altar
D:12:     lemuel_ice_statue, serial_shops, shop, shop_statue
D:13:     basic_altar
D:14:     david_vaults_4
D:15:     grunt_enter_depths_magical_seal, wad_floor_pattern_untrapped
Temple:   eino_wide_crystal_templ
Lair:2:   guppyfry_snake_entry_garden, fungi_pond_lemuel, roderic_carrion_pond,
          grunt_megastairs_4, infiniplex_staircase_pool
Lair:3:   serial_bayou_shore_a, lemuel_fruit_tree, uniq_gastronok
Lair:4:   minmay_swamp_entry_reptiles, serial_bayou_pond_d, grunt_megastairs_5,
          uniq_urug, uniq_rupert, uniq_harold
Lair:5:   minmay_slime_entry_eyes, wad_woods_06, grunt_megastairs_1
Lair:6:   minmay_lair_end_frog_pond
Swamp:1:  hangedman_swamp_pad, uniq_nikola, uniq_donald
Orc:1:    nicolae_orc_accident_1, uniq_snorg
Orc:2:    grunt_orc_gardens, grunt_orc_garden, grunt_orc_garden,
          grunt_orc_garden, grunt_orc_garden, serial_shops, shop
Lab:      labyrinth_mini_lab, nicolae_lab_stuck, nicolae_lab_checkerboard

Skill      XL: |  1  2  3  4  5  6  7  8  9 10 11 12 13 14 15 |
---------------+----------------------------------------------+-----
Conjurations   | 5 6 7 8 9 12 13 | 13.4
Spellcasting   | 3 4 6 7 8 10 | 10.3
Charms         | 2 6 8 |  8.4
Dodging        | 2 6 8 10 | 10.0
Fighting       | 2 7 8 9 11 | 11.7
Shields        | 5 |  5.9
Ice Magic      | 6 10 11 | 11.7
Summonings     | 5 |  5.0
Air Magic      | 3 6 |  6.9
Stealth        | |  1.7

Action                   |  1- 3 |  4- 6 |  7- 9 | 10-12 | 13-15 || total
-------------------------+-------+-------+-------+-------+-------++-------
Melee: Short sword       |     3 |       |       |       |       ||     3
       Tailslap          |     3 |     6 |     9 |    24 |    48 ||    90
       Dagger            |    50 |    48 |       |       |       ||    98
       Whip              |       |    19 |    88 |       |       ||   107
       Scimitar          |       |       |       |    84 |   253 ||   337
       Staff             |       |       |       |       |    35 ||    35
 Cast: Magic Dart        |    89 |   128 |   210 |   526 |   885 ||  1838
       Searing Ray       |       |     6 |    14 |     1 |     1 ||    22
       Iskenderun's Myst |       |     2 |     8 |    56 |   106 ||   172
       Iskenderun's Batt |       |       |    10 |    89 |   123 ||   222
       Freezing Cloud    |       |       |       |       |    77 ||    77
       Summon Ice Beast  |       |       |       |       |     2 ||     2
       Regeneration      |       |       |       |       |     1 ||     1
 Abil: Breathe Frost     |       |       |    32 |    54 |    68 ||   154
Evoke: Wand              |       |       |     1 |    21 |    15 ||    37
  Use: Scroll            |     6 |     4 |     4 |    14 |    15 ||    43
       Potion            |       |     1 |       |     2 |     5 ||     8
  Eat: Chunk             |     3 |     5 |    14 |    39 |    90 ||   151
       Bread ration      |       |     1 |     1 |     2 |     6 ||    10
       Meat ration       |       |     1 |     1 |     5 |     2 ||     9
       Beef jerky        |       |     1 |       |       |     5 ||     6
       Fruit             |       |       |       |     7 |     4 ||    11
       Pizza             |       |       |       |       |     2 ||     2
       Royal jelly       |       |       |       |       |     1 ||     1
Armor: Skin              |    29 |    23 |    53 |    82 |   176 ||   363
Dodge: Dodged            |    48 |    50 |    75 |   266 |   541 ||   980
Block: Buckler           |       |       |       |    92 |   343 ||   435
       Rpst.: Scimitar   |       |       |       |    81 |    99 ||   180

Table legend:
 A = Turns spent in this place as a percentage of turns spent in the entire game.
 B = Non-inter-level travel turns spent in this place as a percentage of non-inter-level travel turns spent in the entire game.
 C = Inter-level travel turns spent in this place as a percentage of turns spent in this place.
 D = Turns resting spent in this place as a percentage of non-inter-level travel turns spent in this place.
 E = Turns spent auto-exploring this place as a percentage of non-inter-level travel turns spent in this place.
 F = Non-inter-level travel turns spent in this place divided by the number of levels of this place that you've seen.
                   A       B       C       D       E      F
               +-------+-------+-------+-------+-------+----------------------
         Total | 100.0 | 100.0 |   0.9 |   9.4 |   7.2 | 373.5
       Dungeon |  57.6 |  57.5 |   1.0 |   9.7 |   8.5 | 372.3
        Temple |   0.2 |   0.2 |   5.6 |   0.0 |  64.7 |  17.0
          Lair |  31.7 |  31.7 |   0.8 |   9.6 |   6.0 | 513.0
         Swamp |   0.5 |   0.5 |   0.0 |   5.8 |   0.0 |  52.0
  Orcish Mines |   8.5 |   8.5 |   0.7 |   7.9 |   3.6 | 412.5
     Labyrinth |   1.6 |   1.6 |   0.0 |   6.5 |   0.0 | 154.0
               +-------+-------+-------+-------+-------+----------------------

Vault maps used:
D:1:      mrwooster_arrival_arrow
D:2:      nicolae_qazlal_eye_of_the_storm
D:3:      wad_river_or_something, dancing_weapons_uskayaw, minivault_11
D:5:      first_bread
D:6:      serial_shops, nicolae_shop_trees, nicolae_underground_beach
D:7:      vehumet_crystals, uniq_pikel, uniq_prince_ribbit1
D:8:      dpeg_lair_monsters, basic_altar, uniq_erica, uniq_joseph
D:9:      nicolae_overflow_quartered_altars
D:10:     uniq_josephine, uniq_maurice
D:11:     minmay_orc_entry_guard_dogs, lab_entry_generic, basic_altar
D:12:     lemuel_ice_statue, serial_shops, shop, shop_statue
D:13:     basic_altar
D:14:     david_vaults_4
D:15:     grunt_enter_depths_magical_seal, wad_floor_pattern_untrapped
Temple:   eino_wide_crystal_templ
Lair:2:   guppyfry_snake_entry_garden, fungi_pond_lemuel, roderic_carrion_pond,
          grunt_megastairs_4, infiniplex_staircase_pool
Lair:3:   serial_bayou_shore_a, lemuel_fruit_tree, uniq_gastronok
Lair:4:   minmay_swamp_entry_reptiles, serial_bayou_pond_d, grunt_megastairs_5,
          uniq_urug, uniq_rupert, uniq_harold
Lair:5:   minmay_slime_entry_eyes, wad_woods_06, grunt_megastairs_1
Lair:6:   minmay_lair_end_frog_pond
Swamp:1:  hangedman_swamp_pad, uniq_nikola, uniq_donald
Orc:1:    nicolae_orc_accident_1, uniq_snorg
Orc:2:    grunt_orc_gardens, grunt_orc_garden, grunt_orc_garden,
          grunt_orc_garden, grunt_orc_garden, serial_shops, shop
Lab:      labyrinth_mini_lab, nicolae_lab_stuck, nicolae_lab_checkerboard
